 Dungeon Crawl Stone Soup version 0.28.0-43-g3370ac3207 (webtiles) character file.

Game seed: 10207435980639965130

56 kingofstarryskies the Poker (level 3, 0/27 HPs)
             Began as a Demonspawn Gladiator on Mar 26, 2022.
             Was a Follower of Kikubaaqudgha.
             Succumbed to an adder's poison
             ... on level 2 of the Dungeon.
             The game lasted 00:06:03 (1342 turns).

kingofstarryskies the Poker (Demonspawn Gladiator)  Turns: 1342, Time: 00:06:03

Health: 0/27       AC:  4    Str: 16    XL:     3   Next: 71%
Magic:  3/3        EV: 12    Int:  9    God:    Kikubaaqudgha [*.....]
Gold:   64         SH:  0    Dex: 14    Spells: 2/2 levels left

rFire   . . .      SeeInvis .   a - +1 trident
rCold   . . .      Faith    .   (no shield)
rNeg    . . .      Spirit   .   b - +0 leather armour
rPois   .          Reflect  .   c - +0 helmet
rElec   .          Harm     .   (no cloak)
rCorr   .          Rampage  .   (no gloves)
Will    .....                   (no boots)
Stlth   +.........              (no amulet)
HPRegen 0.09/turn               (no ring)
MPRegen 0.16/turn               (no ring)

@: lethally poisoned (0 -> -9), hasted, very quick
A: magic regeneration
a: Renounce Religion, Receive Corpses


You were on level 2 of the Dungeon.
You worshipped Kikubaaqudgha.
Kikubaaqudgha was aware of your devotion.
You visited 1 branch of the dungeon, and saw 2 of its levels.

You collected 64 gold pieces.

Inventory:

Hand Weapons
 a - a +1 trident (weapon)
Missiles
 d - 3 throwing nets (quivered)
Armour
 b - a +0 leather armour (worn)
 c - a +0 helmet (worn)
Scrolls
 e - a scroll of teleportation
Potions
 g - a potion of curing {unknown}


   Skills:
 - Level 2.0 Fighting
 * Level 4.0 Polearms
 - Level 1.7 Throwing
 - Level 3.1 Dodging


You had 2 spell levels left.
You didn't know any spells.
Your spell library contained the following spells:

 Spells                   Type           Power      Damage    Failure   Level
 Animate Skeleton         Necr           0%         N/A       45%         1
 Pain                     Necr           0%         1d4       45%         1
 Portal Projectile        Hex/Tloc       0%         N/A       83%         3
 Vampiric Draining        Necr           0%         2d6       83%         3
 Agony                    Necr           0%         N/A       100%        5
 Blade Hands              Tmut           0%         N/A       100%        5
 Excruciating Wounds      Necr           0%         N/A       100%        5


Dungeon Overview and Level Annotations

Branches:
Dungeon (2/15)

Altars:
Dithmenos
Kikubaaqudgha


Innate Abilities, Weirdness & Mutations

You regenerate magic rapidly.


Message History

No target in view!
Okay, then.
An adder comes into view.
An adder is nearby!
The adder hisses angrily.
You closely miss the adder. The adder closely misses you.
The adder barely misses you.
You barely miss the adder. The adder bites you.
You are poisoned.
The adder poisons you!
You hit the adder but do no damage.
You feel sick. The adder bites you.
You closely miss the adder.
You feel sick. The adder closely misses you. The adder barely misses you.
You closely miss the adder.
You feel sick. The adder bites you but does no damage.
You miss the adder.
You feel sick. The adder closely misses you. The adder barely misses you.
You hit the adder but do no damage.
You feel sick. The adder barely misses you.
You miss the adder.
You feel sick.
You are no longer poisoned.
The adder bites you. The adder barely misses you.
Okay, then.
Memorise Pain, consuming 1 spell level and leaving 1?
The adder closely misses you.
You start memorising the spell.
You continue memorising.
The adder bites you.
Your memorisation is interrupted.
You are poisoned.
The adder poisons you!
You are too injured to fight recklessly!
You barely miss the adder.
You feel sick. The adder closely misses you.
The adder bites you but does no damage.
You barely miss the adder.
You feel sick. The adder bites you but does no damage.
You closely miss the adder.
You feel sick. The adder bites you.
* * * LOW HITPOINT WARNING * * *
You are more poisoned.
The adder poisons you! The adder misses you.
It was a potion of haste.
You feel yourself speed up.
You die...
Kikubaaqudgha rasps: "You have failed me!
Welcome... death!"

############ ......(.....
###.######## # #.# # #.##
##### # #..# #...#
####'##### #...#
....#....##############...#
..#####..#.....S@.........#
....#....##########..##...#
....#....# #.......#
.###_###.##### ####..##...#
....#....#...# #.....######
....#....###.###.###..##
..#####..###.............
....#....#...........#####
####'#####..###..._..#


You could see an adder.

Vanquished Creatures
  A hound skeleton (D:2)
  An adder (D:2)
  A dart slug (D:2)
  A ball python (D:1)
  4 endoplasms
  3 giant cockroaches
  4 goblins
  2 hobgoblins (D:1)
  2 jackals (D:1)
  3 kobolds
  A bat (D:1)
  3 frilled lizards (D:2)
  4 rats
30 creatures vanquished.

Notes
Turn   | Place    | Note
-------+----------+-------------------------------------------
     0 | D:1      | kingofstarryskies the Demonspawn Gladiator began the quest
                  | for the Orb.
     0 | D:1      | Reached XP level 1. HP: 16/16 MP: 1/1
   204 | D:1      | Gained mutation: You regenerate magic rapidly. [demonic
                  | ancestry]
   204 | D:1      | Reached XP level 2. HP: 19/22 MP: 2/2
   218 | D:1      | Reached skill level 3 in Polearms
   956 | D:2      | Reached XP level 3. HP: 27/27 MP: 3/3
  1171 | D:2      | Found a faded altar of an unknown god.
  1269 | D:2      | Reached skill level 4 in Polearms
  1290 | D:2      | Prayed at the altar of an unknown god.
  1290 | D:2      | Became a worshipper of Kikubaaqudgha
  1290 | D:2      | Reached * piety under Kikubaaqudgha
  1290 | D:2      | Received a gift from Kikubaaqudgha
  1303 | D:2      | Found a shadowy altar of Dithmenos.
  1342 | D:2      | Succumbed to an adder's poison

Illustrated notes

Levels and vault maps discovered:
D:1:      dpeg_arrival_shelter, layout_rooms
D:2:      layout_rooms, shapermc_ecumenical_altar_notcrosses, basic_altar,
          pf_guarded_unrand_delatra

Skill      XL: |  1  2  3 |
---------------+----------+-----
Dodging        | 3 |  3.1
Polearms       | 3 4 |  4.0
Fighting       | |  2.0
Throwing       | |  1.7

Action                   || total
-------------------------++-------
Melee: Trident           ||   110
       Punch             ||     2
  Use: Potion            ||     4
       Scroll            ||     2
 Stab: Invisible         ||     1
       Sleeping          ||     1
Armor: Leather armour    ||    30
Dodge: Dodged            ||    53
